[Event "CZE-ch U16 Girls 2020"]
[Site "Kouty nad Desnou"]
[Date "2020.03.07"]
[Round "1.1"]
[White "Dvorakova, Olga"]
[Black "Maresova, Michaela"]
[Result "1-0"]
[ECO "D36"]
[WhiteElo "1793"]
[BlackElo "1422"]
[Annotator "NA RC"]
[PlyCount "67"]
[EventDate "2020.03.07"]
[EventCountry "CZE"]
[SourceTitle "playchess.com"]
[Source "ChessBase"]
[SourceQuality "1"]
[TimeControl "5400+30"]

1. d4 d5 2. c4 e6 3. Nc3 Nf6 4. cxd5 exd5 5. Bg5 Be7 6. e3 c6 7. Bd3 Nbd7 8. Nf3 O-O 9. O-O Re8 10. Qc2 Nf8 11. h3 g6 12. Rab1 a5 13. a3 Ne6 14. Bh4 Ng7 15. b4 axb4 16. axb4 b5 17. Ne5 Bb7 18. f4 Nd7 19. Bxe7 Rxe7 20. f5 Re8 21. fxg6 fxg6 22. Nf7 Qe7 23. e4 dxe4 24. Nxe4 Nf5 25. Rxf5 gxf5 26. Nh6+ Kh8 27. Nxf5 Qf8 28. Nfd6 Reb8 29. Rf1 Qg7 30. Qb2 Qg6 31. Nf7+ Kg7 32. d5+ Nf6 33. Rxf6 Qh5 34. Rf5+ 1-0

[Event "CZE-ch U16 Girls 2020"]
[Site "Kouty nad Desnou"]
[Date "2020.03.07"]
[Round "1.2"]
[White "Ruzickova, Ema"]
[Black "Stastna, Martina"]
[Result "1/2-1/2"]
[ECO "C91"]
[WhiteElo "1409"]
[BlackElo "1700"]
[Annotator "NA RC"]
[PlyCount "128"]
[EventDate "2020.03.07"]
[EventCountry "CZE"]
[SourceTitle "playchess.com"]
[Source "ChessBase"]
[SourceQuality "1"]
[TimeControl "5400+30"]

1. e4 e5 2. Nf3 Nc6 3. Bb5 a6 4. Ba4 Nf6 5. O-O b5 6. Bb3 Be7 7. Re1 d6 8. c3 O-O 9. d4 Bg4 10. a4 Re8 11. Kh1 Bf8 12. Bc2 Ne7 13. Bg5 Ng6 14. Nbd2 h6 15. Bxf6 Qxf6 16. h3 Bxf3 17. Nxf3 Nf4 18. Kh2 g5 19. g4 Bg7 20. d5 Reb8 21. a5 Bf8 22. b4 Rc8 23. Re3 c5 24. Bb3 c4 25. Bc2 Be7 26. Ng1 Ng6 27. Rf3 Qg7 28. Qe2 Bd8 29. Qd2 Bc7 30. Ne2 Nh4 31. Rg3 Bb8 32. Ng1 Qf6 33. Qe2 Ba7 34. Nf3 Ng6 35. Rf1 Kg7 36. Qd2 Rh8 37. Ne1 Nh4 38. Bd1 Rag8 39. Ng2 Ng6 40. Rf3 Qd8 41. Rg3 Kf8 42. Qe2 Ne7 43. Rh1 Rg6 44. Kg1 Rf6 45. Rf3 Ng6 46. Rf5 Rxf5 47. gxf5 Nf4 48. Nxf4 gxf4 49. Kf1 Qh4 50. Qf3 Rg8 51. Rh2 Qg5 52. Rg2 Qh4 53. Rxg8+ Kxg8 54. Qg4+ Qxg4 55. Bxg4 f6 56. Bh5 Kf8 57. Ke2 Ke7 58. h4 Bb8 59. Bg6 Bc7 60. Kd2 Bb8 61. Ke2 Ba7 62. Bh5 Kf8 63. Bg6 Ke7 64. Bh5 Kf8 1/2-1/2

[Event "CZE-ch U16 Girls 2020"]
[Site "Kouty nad Desnou"]
[Date "2020.03.07"]
[Round "1.3"]
[White "Leksova, Sona"]
[Black "Vsetulova, Viktorie"]
[Result "1/2-1/2"]
[ECO "B01"]
[WhiteElo "1645"]
[BlackElo "1334"]
[Annotator "NA RC"]
[PlyCount "104"]
[EventDate "2020.03.07"]
[EventCountry "CZE"]
[SourceTitle "playchess.com"]
[Source "ChessBase"]
[SourceQuality "1"]
[TimeControl "5400+30"]

1. e4 d5 2. exd5 Nf6 3. d4 Nxd5 4. c4 Nb6 5. Nc3 g6 6. Nf3 Bg7 7. h3 O-O 8. Be2 Nc6 9. Be3 e5 10. d5 Ne7 11. O-O Nf5 12. Bg5 f6 13. Be3 Qe7 14. Rb1 Nxe3 15. fxe3 Qc5 16. Qd2 Nxc4 17. Bxc4 Qxc4 18. e4 Bd7 19. Rfc1 Qc5+ 20. Kh1 Qb6 21. b4 Rad8 22. a4 Qd6 23. Qe3 a6 24. b5 axb5 25. Nxb5 Bxb5 26. Rxb5 b6 27. Rc6 Qd7 28. Qc3 Rc8 29. Qc4 Kh8 30. a5 bxa5 31. Rxa5 Rf7 32. d6 Bf8 33. Rd5 Kg7 34. g4 Kg8 35. Kg2 Kg7 36. g5 Qd8 37. dxc7 Qe7 38. gxf6+ Rxf6 39. Rxe5 Qd7 40. Rxf6 Kxf6 41. Rd5 Qxc7 42. Qd4+ Ke7 43. Qb4+ Kf6 44. e5+ Kg7 45. Qd4 Kg8 46. Rd7 Qc2+ 47. Kg3 Qc6 48. h4 Qc5 49. Qf4 Qc4 50. Qe3 Qc5 51. Qg5 Qc6 52. Rd4 Qe6 1/2-1/2

[Event "CZE-ch U16 Girls 2020"]
[Site "Kouty nad Desnou"]
[Date "2020.03.07"]
[Round "1.4"]
[White "Vlachynska, Lilian"]
[Black "Gregurkova, Nikola"]
[Result "0-1"]
[ECO "B01"]
[WhiteElo "1224"]
[BlackElo "1642"]
[Annotator "NA RC"]
[PlyCount "102"]
[EventDate "2020.03.07"]
[EventCountry "CZE"]
[SourceTitle "playchess.com"]
[Source "ChessBase"]
[SourceQuality "1"]
[TimeControl "5400+30"]

1. e4 d5 2. exd5 Qxd5 3. Nc3 Qa5 4. d4 Nf6 5. Bd2 Bg4 6. f3 Bd7 7. Bc4 Qb6 8. f4 Qxd4 9. Qe2 Bg4 10. Nf3 Bxf3 11. gxf3 Qd8 12. O-O-O c6 13. Rhe1 Nbd7 14. f5 Qc7 15. h3 h6 16. Qf2 Nb6 17. Bb3 Rd8 18. Ne4 Nfd5 19. Nc3 a6 20. Nxd5 Nxd5 21. Kb1 b5 22. Rh1 a5 23. a3 a4 24. Ba2 Qb6 25. Qxb6 Nxb6 26. Ba5 Rxd1+ 27. Rxd1 Nd7 28. Bxf7+ Kxf7 29. Rxd7 h5 30. Bd2 h4 31. Rc7 Rh5 32. Rxc6 Rxf5 33. Rc3 g6 34. b3 Rd5 35. Rd3 Rxd3 36. cxd3 e5 37. Kb2 Bg7 38. Kc2 Bf6 39. bxa4 bxa4 40. Bc1 Ke6 41. Kd2 Bg5+ 42. Kc2 Bxc1 43. Kxc1 Kf5 44. Kd2 Kf4 45. Ke2 Kg3 46. Ke3 Kxh3 47. Kf2 g5 48. f4 exf4 49. d4 Kg4 50. d5 Kf5 51. Kf3 g4+ 0-1

[Event "CZE-ch U16 Girls 2020"]
[Site "Kouty nad Desnou"]
[Date "2020.03.07"]
[Round "1.5"]
[White "Vavrinkova, Anna"]
[Black "Zilava, Anezka"]
[Result "1-0"]
[ECO "C64"]
[WhiteElo "1622"]
[BlackElo "1224"]
[Annotator "NA RC"]
[PlyCount "107"]
[EventDate "2020.03.07"]
[EventCountry "CZE"]
[SourceTitle "playchess.com"]
[Source "ChessBase"]
[SourceQuality "1"]
[TimeControl "5400+30"]

1. e4 e5 2. Nf3 Nc6 3. Bb5 Bc5 4. d3 Nge7 5. c3 a6 6. Ba4 b5 7. Bb3 d6 8. h3 Be6 9. O-O Bxb3 10. axb3 O-O 11. b4 Bb6 12. Bg5 Qd7 13. Nbd2 h6 14. Bh4 Kh8 15. Re1 Ng6 16. Bg3 f5 17. exf5 Qxf5 18. Nf1 Qf6 19. Ne3 Bxe3 20. fxe3 Qe6 21. Qc2 Nce7 22. Qe2 Nf5 23. Bh2 Nfh4 24. Nxh4 Nxh4 25. Rf1 Ng6 26. Rxf8+ Nxf8 27. Qf3 Qc8 28. Qc6 Ne6 29. Rf1 Qe8 30. Qd5 Rb8 31. Ra1 Rb6 32. Bg3 Qc8 33. Bf2 c5 34. bxc5 Nxc5 35. e4 Qc6 36. Qf7 Rb8 37. Qf3 Nd7 38. Be3 Rf8 39. Qg4 Nf6 40. Qe6 Re8 41. Qf7 Ng8 42. Kh2 Ra8 43. Qe6 Qc7 44. Rf1 Qe7 45. Qd5 Rf8 46. Ra1 Nf6 47. Qc6 Nd7 48. Qxa6 Rb8 49. Qc6 b4 50. Ra7 Rd8 51. Bb6 Nb8 52. Rxe7 Nxc6 53. Bxd8 Nxe7 54. Bxe7 1-0

[Event "CZE-ch U16 Girls 2020"]
[Site "Kouty nad Desnou"]
[Date "2020.03.07"]
[Round "1.6"]
[White "Kuncicka, Klara"]
[Black "Strnadova, Monika"]
[Result "0-1"]
[ECO "B34"]
[WhiteElo "1223"]
[BlackElo "1514"]
[Annotator "NA RC"]
[PlyCount "81"]
[EventDate "2020.03.07"]
[EventCountry "CZE"]
[SourceTitle "playchess.com"]
[Source "ChessBase"]
[SourceQuality "1"]
[TimeControl "5400+30"]

1. e4 c5 2. Nf3 Nc6 3. d4 cxd4 4. Nxd4 g6 5. Nxc6 bxc6 6. Nc3 Bg7 7. Be2 Nf6 8. O-O O-O 9. Kh1 d5 10. exd5 cxd5 11. Rb1 Bf5 12. Bd3 Bxd3 13. Qxd3 e5 14. Bg5 d4 15. Ne4 Qb6 16. Bxf6 Bxf6 17. Nxf6+ Qxf6 18. Qe4 Rfe8 19. f4 exf4 20. Qxf4 Qxf4 21. Rxf4 Rac8 22. Rbf1 Rxc2 23. Rxd4 Rxb2 24. Rd7 Rxa2 25. h3 Rf8 26. Rc1 a5 27. Ra7 Kg7 28. Rf1 a4 29. Re1 Kh6 30. Rd1 a3 31. Rf1 f5 32. Re1 Rd8 33. Ree7 Rd1+ 34. Kh2 Rdd2 35. Kh1 Rxg2 36. Rxh7+ Kg5 37. h4+ Kg4 38. Ra4+ Kh3 39. Rxa3+ Rxa3 40. Ra7 Rxa7 41. h5 0-1

[Event "CZE-ch U16 Girls 2020"]
[Site "Kouty nad Desnou"]
[Date "2020.03.07"]
[Round "1.7"]
[White "Dudova, Pavlina"]
[Black "Saskova, Renata"]
[Result "1-0"]
[ECO "B85"]
[WhiteElo "1499"]
[BlackElo "1191"]
[Annotator "NA RC"]
[PlyCount "57"]
[EventDate "2020.03.07"]
[EventCountry "CZE"]
[SourceTitle "playchess.com"]
[Source "ChessBase"]
[SourceQuality "1"]
[TimeControl "5400+30"]

1. e4 c5 2. Nf3 d6 3. d4 cxd4 4. Nxd4 Nf6 5. Nc3 e6 6. Be2 Be7 7. Be3 O-O 8. O-O a6 9. f4 Nc6 10. Nb3 b5 11. a3 Bb7 12. Bf3 Qc7 13. Qe2 Rac8 14. Rad1 e5 15. f5 Rfd8 16. Qf2 Rd7 17. Rd2 Ba8 18. g4 Bd8 19. g5 Ne8 20. Nd5 Qb7 21. f6 gxf6 22. gxf6 Nxf6 23. Qg3+ Kf8 24. Bh6+ Ke8 25. Nxf6+ Bxf6 26. Bg4 Bd8 27. Bxd7+ Qxd7 28. Qg8+ Ke7 29. Qxf7# 1-0

[Event "CZE-ch U16 Girls 2020"]
[Site "Kouty nad Desnou"]
[Date "2020.03.07"]
[Round "1.8"]
[White "Merinska, Julie"]
[Black "Semova, Lada"]
[Result "0-1"]
[ECO "C44"]
[WhiteElo "1182"]
[BlackElo "1477"]
[Annotator "NA RC"]
[PlyCount "70"]
[EventDate "2020.03.07"]
[EventCountry "CZE"]
[SourceTitle "playchess.com"]
[Source "ChessBase"]
[SourceQuality "1"]
[TimeControl "5400+30"]

1. e4 e5 2. d4 exd4 3. Nf3 Nc6 4. c3 dxc3 5. Nxc3 Bc5 6. Bc4 d6 7. Qb3 Qd7 8. Ng5 Ne5 9. Bb5 c6 10. Be2 h6 11. Nf3 Nxf3+ 12. Bxf3 Nf6 13. O-O Qe7 14. Re1 O-O 15. Be3 Bxe3 16. Rxe3 Ng4 17. Re2 Ne5 18. Re3 Be6 19. Qc2 Qg5 20. Be2 f5 21. Rg3 Qf4 22. Rd1 fxe4 23. Qxe4 Qxf2+ 24. Kh1 Rf4 25. Qe3 Raf8 26. Qxf2 Rxf2 27. Kg1 Bc4 28. Bxc4+ Nxc4 29. Ne4 Rxb2 30. Nc3 Rbf2 31. Rgd3 d5 32. Rb1 Nd2 33. h3 Nxb1 34. Nxb1 Rf1+ 35. Kh2 Rxb1 0-1

[Event "CZE-ch U16 Girls 2020"]
[Site "Kouty nad Desnou"]
[Date "2020.03.07"]
[Round "1.9"]
[White "Habinova, Alice"]
[Black "Londinova, Jasmina Marie"]
[Result "1-0"]
[ECO "C34"]
[WhiteElo "1474"]
[BlackElo "1155"]
[Annotator "NA RC"]
[PlyCount "89"]
[EventDate "2020.03.07"]
[EventCountry "CZE"]
[SourceTitle "playchess.com"]
[Source "ChessBase"]
[SourceQuality "1"]
[TimeControl "5400+30"]

1. e4 e5 2. f4 exf4 3. Nf3 Nc6 4. d4 d5 5. exd5 Qxd5 6. Nc3 Qd8 7. Bxf4 Bd6 8. Qd2 Nf6 9. Bc4 Bxf4 10. Qxf4 O-O 11. O-O-O Ne7 12. Ne5 Ned5 13. Nxd5 Nxd5 14. Qg3 Be6 15. h4 Qe7 16. Qb3 Nb6 17. Bxe6 Qxe6 18. Qxe6 fxe6 19. Rhf1 Rad8 20. c3 Nd5 21. Kd2 Nf6 22. Rde1 c5 23. Nf3 Rfe8 24. Kc2 cxd4 25. cxd4 Nd7 26. Rf2 Nb6 27. Rfe2 Rd6 28. a3 Nd5 29. Re4 Nc7 30. Nd2 Nb5 31. Nb3 h6 32. a4 Nc7 33. Nc5 b6 34. Nb3 Kh7 35. Kd3 Kg6 36. Nd2 Kh7 37. Nc4 Rc6 38. Ne5 Rd6 39. Nc4 Rc6 40. Ne5 Rd6 41. Nc4 Rc6 42. Ne5 Rd6 43. Nc4 Rc6 44. Re5 a5 45. R5e4 1-0

[Event "CZE-ch U16 Girls 2020"]
[Site "Kouty nad Desnou"]
[Date "2020.03.08"]
[Round "2.1"]
[White "Strnadova, Monika"]
[Black "Dvorakova, Olga"]
[Result "0-1"]
[ECO "B14"]
[WhiteElo "1514"]
[BlackElo "1793"]
[Annotator "NA"]
[PlyCount "38"]
[EventDate "2020.03.07"]
[EventCountry "CZE"]
[SourceTitle "playchess.com"]
[Source "ChessBase"]
[SourceQuality "1"]
[TimeControl "5400+30"]

1. e4 c6 2. c4 d5 3. exd5 cxd5 4. d4 Nf6 5. Nc3 e6 6. c5 b6 7. b4 Be7 8. Bb5+ Bd7 9. Qa4 O-O 10. Bf4 a5 11. Rc1 Bxb5 12. Nxb5 Na6 13. a3 axb4 14. axb4 bxc5 15. bxc5 Nxc5 16. Qc2 Nce4 17. Ne2 Bb4+ 18. Nbc3 Rc8 19. Qb3 Qa5 0-1

[Event "CZE-ch U16 Girls 2020"]
[Site "Kouty nad Desnou"]
[Date "2020.03.08"]
[Round "2.2"]
[White "Gregurkova, Nikola"]
[Black "Dudova, Pavlina"]
[Result "1-0"]
[ECO "C15"]
[WhiteElo "1642"]
[BlackElo "1499"]
[Annotator "NA"]
[PlyCount "63"]
[EventDate "2020.03.07"]
[EventCountry "CZE"]
[SourceTitle "playchess.com"]
[Source "ChessBase"]
[SourceQuality "1"]
[TimeControl "5400+30"]

1. e4 e6 2. d4 d5 3. Nc3 Bb4 4. Nge2 Nf6 5. e5 Ne4 6. a3 Nxc3 7. Nxc3 Bxc3+ 8. bxc3 c5 9. Qg4 g6 10. Bb5+ Bd7 11. Bxd7+ Nxd7 12. O-O Qc7 13. Bg5 Nb6 14. Qh4 h5 15. Rfe1 Nc4 16. Bf6 Rh7 17. Qg5 Kd7 18. Reb1 b6 19. a4 Rb8 20. h4 Na5 21. Be7 Re8 22. Bd6 Qc6 23. dxc5 bxc5 24. Rb5 Nb7 25. Rab1 Nxd6 26. exd6 Kxd6 27. Qf4+ e5 28. Qf6+ Kc7 29. Rb7+ Qxb7 30. Rxb7+ Kxb7 31. Qd6 d4 32. Qd7+ 1-0

[Event "CZE-ch U16 Girls 2020"]
[Site "Kouty nad Desnou"]
[Date "2020.03.08"]
[Round "2.3"]
[White "Semova, Lada"]
[Black "Vavrinkova, Anna"]
[Result "1/2-1/2"]
[ECO "B39"]
[WhiteElo "1477"]
[BlackElo "1622"]
[Annotator "NA"]
[PlyCount "88"]
[EventDate "2020.03.07"]
[EventCountry "CZE"]
[SourceTitle "playchess.com"]
[Source "ChessBase"]
[SourceQuality "1"]
[TimeControl "5400+30"]

1. e4 c5 2. Nf3 Nc6 3. d4 cxd4 4. Nxd4 g6 5. c4 Bg7 6. Be3 Nf6 7. Nc3 Ng4 8. Qxg4 Nxd4 9. Qd1 Ne6 10. Be2 O-O 11. O-O d6 12. Qd2 Re8 13. Rad1 b6 14. b4 Bb7 15. Nd5 Rc8 16. f4 Nc7 17. f5 Nxd5 18. exd5 Rf8 19. Rf2 Qc7 20. Rdf1 Rce8 21. Bh6 Bc8 22. Bxg7 Kxg7 23. fxg6 hxg6 24. h4 f6 25. h5 g5 26. Qd3 f5 27. Rxf5 Bxf5 28. Rxf5 Rf6 29. Rxf6 exf6 30. Qg6+ Kf8 31. Qxf6+ Qf7 32. Qxd6+ Re7 33. Bg4 Kg7 34. Be6 Qf6 35. Kh2 g4 36. Kg3 Rf7 37. h6+ Kxh6 38. c5 Qf2+ 39. Kh2 Qh4+ 40. Kg1 Rf6 41. Qe5 Qf2+ 42. Kh2 Qh4+ 43. Kg1 Qf2+ 44. Kh2 Qh4+ 1/2-1/2

[Event "CZE-ch U16 Girls 2020"]
[Site "Kouty nad Desnou"]
[Date "2020.03.08"]
[Round "2.4"]
[White "Stastna, Martina"]
[Black "Habinova, Alice"]
[Result "1-0"]
[ECO "C68"]
[WhiteElo "1700"]
[BlackElo "1474"]
[Annotator "NA"]
[PlyCount "47"]
[EventDate "2020.03.07"]
[EventCountry "CZE"]
[SourceTitle "playchess.com"]
[Source "ChessBase"]
[SourceQuality "1"]
[TimeControl "5400+30"]

1. e4 e5 2. Nf3 Nc6 3. Bb5 a6 4. Bxc6 dxc6 5. h3 Ne7 6. O-O Ng6 7. d3 Be7 8. Nbd2 O-O 9. Nc4 Bd6 10. Nh2 Be6 11. Nxd6 cxd6 12. b3 Qc7 13. Qf3 Rad8 14. Qg3 d5 15. Nf3 f5 16. exf5 Bxf5 17. Bb2 Nf4 18. Rae1 Nxd3 19. cxd3 Bxd3 20. Bxe5 Qd7 21. Bc7 Bxf1 22. Bxd8 Qxd8 23. Kxf1 d4 24. Qe5 1-0

[Event "CZE-ch U16 Girls 2020"]
[Site "Kouty nad Desnou"]
[Date "2020.03.08"]
[Round "2.5"]
[White "Londinova, Jasmina Marie"]
[Black "Leksova, Sona"]
[Result "1/2-1/2"]
[ECO "B01"]
[WhiteElo "1155"]
[BlackElo "1645"]
[Annotator "NA"]
[PlyCount "102"]
[EventDate "2020.03.07"]
[EventCountry "CZE"]
[SourceTitle "playchess.com"]
[Source "ChessBase"]
[SourceQuality "1"]
[TimeControl "5400+30"]

1. e4 d5 2. exd5 Qxd5 3. Nc3 Qa5 4. d4 c6 5. Nf3 Nf6 6. Bd2 Bg4 7. Be2 Bxf3 8. Bxf3 Qb6 9. Bc1 e6 10. Qd3 Nbd7 11. O-O Rd8 12. Qc4 Bd6 13. Re1 O-O 14. Ne4 Qc7 15. Nxd6 Qxd6 16. Qc3 Nb6 17. Be3 Nbd5 18. Bxd5 cxd5 19. Bg5 Rc8 20. Qd3 Ng4 21. Qh3 f5 22. c3 b5 23. Rac1 b4 24. f3 Nf6 25. Bxf6 Rxf6 26. g4 fxg4 27. fxg4 Rh6 28. Qg2 bxc3 29. Rxc3 Rxc3 30. bxc3 Rg6 31. Re3 Qf4 32. Rg3 Qc1+ 33. Qf1 Qb2 34. Qf2 Qb1+ 35. Kg2 Rf6 36. Qe2 Kf7 37. Rf3 Rxf3 38. Qxf3+ Ke7 39. Qe2 Qc1 40. Qa6 Qd2+ 41. Kg1 Qe1+ 42. Kg2 Qe4+ 43. Kf2 Qf4+ 44. Ke1 Qc7 45. Qa3+ Kf7 46. Qb2 g5 47. Qd2 h6 48. Kf1 Kg7 49. Kg2 e5 50. dxe5 Qxe5 51. Qd4 Qxd4 1/2-1/2

[Event "CZE-ch U16 Girls 2020"]
[Site "Kouty nad Desnou"]
[Date "2020.03.08"]
[Round "2.6"]
[White "Vsetulova, Viktorie"]
[Black "Ruzickova, Ema"]
[Result "1-0"]
[ECO "A48"]
[WhiteElo "1334"]
[BlackElo "1409"]
[Annotator "NA RC"]
[PlyCount "179"]
[EventDate "2020.03.07"]
[EventCountry "CZE"]
[SourceTitle "playchess.com"]
[Source "ChessBase"]
[SourceQuality "1"]
[TimeControl "5400+30"]

1. d4 Nf6 2. Nf3 g6 3. Bf4 Bg7 4. e3 O-O 5. Bd3 d6 6. O-O Nfd7 7. e4 Nc6 8. c3 e5 9. Be3 Ne7 10. Qd2 Kh8 11. Bh6 Qe8 12. Bxg7+ Kxg7 13. Qg5 h6 14. Qg3 Nc6 15. Nbd2 Kh7 16. Nc4 Nf6 17. h4 Nh5 18. Qh2 Nf4 19. Rad1 f6 20. d5 Ne7 21. g3 Nh5 22. Ne3 Rh8 23. Kg2 Kg7 24. Rg1 Bd7 25. Kf1 Qc8 26. g4 Nf4 27. Qg3 Qf8 28. g5 h5 29. gxf6+ Qxf6 30. Ng5 Rhg8 31. Ng2 Kh6 32. Nxf4 exf4 33. Qg2 Bg4 34. f3 Bd7 35. Ke2 Rae8 36. Kd2 c6 37. dxc6 Nxc6 38. Kc1 Ne5 39. Bc2 Nc4 40. Qe2 Ne3 41. Rxd6 Qe7 42. Bb3 Rg7 43. Qd3 Bc8 44. Ne6 Bxe6 45. Bxe6 Qxh4 46. Bf5 Nxf5 47. exf5 Re1+ 48. Rxe1 Qxe1+ 49. Kc2 Qf2+ 50. Kb3 Qg1 51. Qe4 Qg5 52. Re6 h4 53. Qe5 Kh7 54. fxg6+ Kh6 55. Qd4 h3 56. Re5 Qh4 57. Rf5 Qe7 58. Qxf4+ Kxg6 59. Qg4+ Kh7 60. Qxh3+ Kg8 61. f4 Qe6+ 62. c4 Qb6+ 63. Kc3 Qc6 64. Re5 Kf8 65. Qf5+ Rf7 66. Qe4 Qf6 67. f5 a6 68. Kc2 Kg7 69. Re6 Qxf5 70. Qxf5 Rxf5 71. Re7+ Rf7 72. Rxf7+ Kxf7 73. Kd3 Ke6 74. Ke4 Kd6 75. Kd4 a5 76. a3 b6 77. b4 Kc6 78. b5+ Kc7 79. Ke5 Kd7 80. a4 Ke7 81. Kd5 Kd7 82. c5 bxc5 83. Kxc5 Kc7 84. b6+ Kb7 85. Kb5 Kb8 86. Kxa5 Kb7 87. Kb5 Kb8 88. Ka6 Ka8 89. b7+ Kb8 90. a5 1-0

[Event "CZE-ch U16 Girls 2020"]
[Site "Kouty nad Desnou"]
[Date "2020.03.08"]
[Round "2.7"]
[White "Maresova, Michaela"]
[Black "Kuncicka, Klara"]
[Result "0-1"]
[ECO "C54"]
[WhiteElo "1422"]
[BlackElo "1223"]
[Annotator "NA"]
[PlyCount "118"]
[EventDate "2020.03.07"]
[EventCountry "CZE"]
[SourceTitle "playchess.com"]
[Source "ChessBase"]
[SourceQuality "1"]
[TimeControl "5400+30"]

1. e4 e5 2. d4 exd4 3. Nf3 Nc6 4. Bc4 Bc5 5. c3 Nf6 6. e5 d5 7. exf6 dxc4 8. cxd4 Nxd4 9. Nxd4 Qxd4 10. Qxd4 Bxd4 11. fxg7 Bxg7 12. Nc3 c6 13. O-O O-O 14. Re1 Be6 15. Bg5 Bxc3 16. bxc3 Rfe8 17. Rad1 Bf5 18. Re3 Rxe3 19. Bxe3 a6 20. Rd4 b5 21. h3 Be6 22. a3 a5 23. Kf1 b4 24. cxb4 axb4 25. axb4 Kf8 26. Ke2 Ra2+ 27. Rd2 Ra8 28. Rb2 c3 29. Rc2 Bc4+ 30. Kd1 Bb3 31. g3 Bxc2+ 32. Kxc2 Ke8 33. Kxc3 Kd7 34. Kc4 Ra2 35. b5 cxb5+ 36. Kxb5 Rc2 37. Kb4 Ke6 38. Kb3 Rc8 39. Kb4 Kd5 40. Kb3 Ke4 41. Kb4 Rg8 42. Kc4 Rc8+ 43. Kb4 Kd5 44. Kb3 Ke6 45. Kb4 Kd7 46. Kb5 Ke6 47. Kb4 Kd5 48. Kb3 Ke4 49. Kb4 Kf3 50. Kb3 f5 51. h4 h5 52. Kb2 Re8 53. Bf4 Re2+ 54. Kc3 Rxf2 55. Kd3 Kg4 56. Bc7 Rf3+ 57. Ke2 Rxg3 58. Bxg3 Kxg3 59. Ke3 f4+ 0-1

[Event "CZE-ch U16 Girls 2020"]
[Site "Kouty nad Desnou"]
[Date "2020.03.08"]
[Round "2.8"]
[White "Saskova, Renata"]
[Black "Vlachynska, Lilian"]
[Result "0-1"]
[ECO "C45"]
[WhiteElo "1191"]
[BlackElo "1224"]
[Annotator "NA"]
[PlyCount "100"]
[EventDate "2020.03.07"]
[EventCountry "CZE"]
[SourceTitle "playchess.com"]
[Source "ChessBase"]
[SourceQuality "1"]
[TimeControl "5400+30"]

1. e4 e5 2. Nf3 Nc6 3. d4 exd4 4. Nxd4 Bc5 5. Be3 Qf6 6. c3 Nge7 7. Be2 d5 8. Bf3 Ne5 9. exd5 Nxf3+ 10. Nxf3 Bxe3 11. fxe3 Qb6 12. Qd2 O-O 13. e4 Re8 14. Qf2 Nxd5 15. Qxb6 Rxe4+ 16. Kf2 axb6 17. Nbd2 Re8 18. Rhf1 Bf5 19. Kg1 h6 20. a3 Rad8 21. Nd4 Bg6 22. N2f3 Ne3 23. Rfe1 Nc4 24. Rxe8+ Rxe8 25. b3 Nd6 26. Rd1 Re3 27. c4 Nf5 28. Kf2 Re8 29. g4 Nxd4 30. Rxd4 Ra8 31. a4 Bc2 32. Nd2 Kf8 33. Rd7 Rc8 34. Ke3 Ke8 35. Rd4 Ke7 36. Kf4 Rd8 37. Rxd8 Kxd8 38. Ke5 Ke7 39. h4 f6+ 40. Kd5 c6+ 41. Kd4 Kd6 42. Ke3 Ke5 43. Nf3+ Kd6 44. Nd2 Ke6 45. Kf4 g5+ 46. Kg3 Ke5 47. h5 Kd4 48. Kf2 Bd1 49. Kg3 Kd3 50. Nf3 Bxb3 0-1

[Event "CZE-ch U16 Girls 2020"]
[Site "Kouty nad Desnou"]
[Date "2020.03.08"]
[Round "2.9"]
[White "Zilava, Anezka"]
[Black "Merinska, Julie"]
[Result "1-0"]
[ECO "C50"]
[WhiteElo "1224"]
[BlackElo "1182"]
[Annotator "NA"]
[PlyCount "53"]
[EventDate "2020.03.07"]
[EventCountry "CZE"]
[SourceTitle "playchess.com"]
[Source "ChessBase"]
[SourceQuality "1"]
[TimeControl "5400+30"]

1. e4 e5 2. Nf3 Nc6 3. Bc4 Bc5 4. Nc3 Nf6 5. d3 d6 6. Bg5 h6 7. Bh4 g5 8. Bg3 Be6 9. Bb5 Bd7 10. Na4 g4 11. Nd2 b6 12. Bxc6 Bxc6 13. Nxc5 bxc5 14. Bh4 h5 15. f3 Bd7 16. Nc4 Qe7 17. Ne3 c6 18. Rf1 Qe6 19. Nf5 Rh7 20. Qd2 Ng8 21. Qg5 f6 22. Qg6+ Qf7 23. Nxd6+ Ke7 24. Nxf7 Rxf7 25. fxg4 hxg4 26. Qh5 Raf8 27. Qxe5+ 1-0

[Event "CZE-ch U16 Girls 2020"]
[Site "Kouty nad Desnou"]
[Date "2020.03.09"]
[Round "3.1"]
[White "Dvorakova, Olga"]
[Black "Gregurkova, Nikola"]
[Result "1-0"]
[ECO "A48"]
[WhiteElo "1793"]
[BlackElo "1642"]
[Annotator "NA RC"]
[PlyCount "92"]
[EventDate "2020.03.07"]
[EventCountry "CZE"]
[SourceTitle "playchess.com"]
[Source "ChessBase"]
[SourceQuality "1"]
[TimeControl "5400+30"]

1. d4 Nf6 2. Nf3 g6 3. e3 Bg7 4. Be2 O-O 5. O-O d6 6. Nbd2 Nbd7 7. b3 e5 8. dxe5 Nxe5 9. Bb2 Nfd7 10. Nxe5 Nxe5 11. Rb1 d5 12. f4 Nc6 13. Bxg7 Kxg7 14. Bd3 f5 15. Nf3 a6 16. Qd2 Re8 17. Rfe1 Be6 18. Nd4 Qd6 19. Rbd1 Kf7 20. Be2 Rad8 21. Bf3 Re7 22. c3 Red7 23. g3 h6 24. Qc2 Qe7 25. Be2 Ra8 26. Bf3 Rad8 27. Rd2 Kg7 28. Qb2 Kf7 29. Red1 Kf8 30. Kf2 Kf7 31. Be2 Ra8 32. Bf3 Rad8 33. Be2 Ra8 34. Nxe6 Qxe6 35. c4 Re8 36. Qc3 d4 37. exd4 Nxd4 38. Bf3 c5 39. Bd5 Rxd5 40. cxd5 Qxd5 41. b4 b6 42. bxc5 bxc5 43. Qd3 Qe6 44. Rc1 Kg7 45. Rxc5 Qe1+ 46. Kg2 Ne2 1-0

[Event "CZE-ch U16 Girls 2020"]
[Site "Kouty nad Desnou"]
[Date "2020.03.09"]
[Round "3.2"]
[White "Semova, Lada"]
[Black "Stastna, Martina"]
[Result "1/2-1/2"]
[ECO "D31"]
[WhiteElo "1477"]
[BlackElo "1700"]
[Annotator "NA"]
[PlyCount "71"]
[EventDate "2020.03.07"]
[EventCountry "CZE"]
[SourceTitle "playchess.com"]
[Source "ChessBase"]
[SourceQuality "1"]
[TimeControl "5400+30"]

1. d4 d5 2. c4 e6 3. Nc3 c6 4. Qc2 f5 5. cxd5 exd5 6. Nf3 Nf6 7. Bf4 Be7 8. e3 O-O 9. Bd3 Ne4 10. Ne5 Bg5 11. Ne2 Qa5+ 12. Nc3 Bxf4 13. exf4 Qb4 14. f3 Nf6 15. Qf2 Qb6 16. O-O-O Na6 17. g4 Ne8 18. h4 Be6 19. h5 Rc8 20. h6 g6 21. Rde1 c5 22. gxf5 Bxf5 23. Bxf5 Rxf5 24. dxc5 Nxc5 25. Kb1 Na4 26. Qxb6 Nxb6 27. Rh4 Nf6 28. Rg1 Nc4 29. Nxc4 Rxc4 30. Rd1 Rcxf4 31. Rxf4 Rxf4 32. Nxd5 Nxd5 33. Rxd5 Rxf3 34. Rd8+ Rf8 35. Rd7 Rf7 36. Rd8+ 1/2-1/2

[Event "CZE-ch U16 Girls 2020"]
[Site "Kouty nad Desnou"]
[Date "2020.03.09"]
[Round "3.3"]
[White "Vavrinkova, Anna"]
[Black "Vsetulova, Viktorie"]
[Result "1-0"]
[ECO "B01"]
[WhiteElo "1622"]
[BlackElo "1334"]
[Annotator "NA"]
[PlyCount "79"]
[EventDate "2020.03.07"]
[EventCountry "CZE"]
[SourceTitle "playchess.com"]
[Source "ChessBase"]
[SourceQuality "1"]
[TimeControl "5400+30"]

1. e4 d5 2. exd5 Nf6 3. d4 Nxd5 4. c4 Nb6 5. Nc3 g6 6. Be3 Bg7 7. Nf3 O-O 8. h3 Nc6 9. Be2 e5 10. d5 Ne7 11. O-O Nf5 12. Bd2 Nd4 13. Nxd4 exd4 14. Ne4 Bf5 15. Nc5 Rb8 16. Bf4 Re8 17. Bd3 Qe7 18. Bxf5 Qxc5 19. Bd3 Rbd8 20. Rc1 c6 21. dxc6 Qxc6 22. b4 Nd7 23. Re1 Ne5 24. Qc2 Nxd3 25. Qxd3 Qd7 26. Rcd1 b6 27. a3 a5 28. c5 bxc5 29. bxc5 Qc6 30. Bd6 a4 31. Rxe8+ Rxe8 32. Rb1 Rc8 33. Rb6 Qe8 34. Qb1 h6 35. Rb7 h5 36. Re7 Qc6 37. Qa2 Kh8 38. Qxf7 Rg8 39. Be5 Qxc5 40. Bxg7+ 1-0